 Dungeon Crawl Stone Soup version 0.29.1-2-gbd0b4ee654 (webtiles) character file.

Game seed: 2618881573491188355

1402 MisterFreud the Nimble (level 8, 0/38 HPs)
             Began as a Felid Berserker on Oct 23, 2022.
             Was a Believer of Trog.
             Slain by an ice beast (5 damage)
             ... on level 7 of the Dungeon.
             The game lasted 00:05:43 (6658 turns).

MisterFreud the Nimble (Felid Berserker)            Turns: 6658, Time: 00:05:43

Health: 0/38       AC:  2    Str: 19    XL:     8   Next: 42%
Magic:  9/9        EV: 28    Int:  8    God:    Trog [**....]
Gold:   489        SH:  0    Dex: 24    Spells: 7/7 levels left
                                        Lives:  0   Deaths: 2

rFire   . . .      SeeInvis +     - Unarmed
rCold   x . .      Faith    .   (shield unavailable)
rNeg    + . .      Spirit   .   (body armour unavailable)
rPois   .          Reflect  .   (helmet unavailable)
rElec   .          Harm     .   (cloak unavailable)
rCorr   .          Rampage  .   (gloves unavailable)
Will    +....                   (boots unavailable)
Stlth   ++++......              (no amulet)
HPRegen 0.12/turn               e - ring of a Billion Brambles {rC- rN+ Str+6 Dex+6}
MPRegen 0.11/turn               (no ring)

@: marked, studying Fighting, quick
A: very small, claws 1, fangs 3, see invisible, speed 1, shaggy fur 2, stealthy
paws, no weapons or thrown items, no armour, multi-lived
a: Renounce Religion, Berserk, Trog's Hand


You were on level 7 of the Dungeon.
You worshipped Trog.
Trog was pleased with you.
You visited 1 branch of the dungeon, and saw 9 of its levels.

You collected 528 gold pieces.
You spent 39 gold pieces at shops.

Inventory:

Jewellery
 e - the ring of a Billion Brambles (left paw) {rC- rN+ Str+6 Dex+6}
   (You found it on level 4 of the Dungeon)

   [ring of strength]

   Str:       It affects your strength (+6).
   Dex:       It affects your dexterity (+6).
   rC:        It makes you vulnerable to cold.
   rN:        It protects you from negative energy.
 n - an amulet of magic regeneration
 q - an amulet of faith
Wands
 f - a wand of flame (17)
 o - a wand of polymorph (10)
Scrolls
 a - 5 scrolls of identify
 b - 2 scrolls of vulnerability
 d - a scroll of magic mapping
 k - 3 scrolls of teleportation
 r - a scroll of fear {unknown}
 t - a scroll of amnesia {unknown}
Potions
 c - 2 potions of flight
 g - 2 potions of brilliance {unknown}
 h - a potion of berserk rage {unknown}
 i - 4 potions of curing
 j - 2 potions of heal wounds {unknown}
 l - a potion of might {unknown}
 m - a potion of mutation {unknown}
 p - 2 potions of invisibility {unknown}
 s - a potion of lignification {unknown}


   Skills:
 + Level 5.9 Fighting
 + Level 11.1 Dodging
 + Level 8.1 Stealth
 + Level 7.1 Unarmed Combat


You had 7 spell levels left.
You didn't know any spells.
Your spell library was empty.

Dungeon Overview and Level Annotations

Branches:
Dungeon (9/15)             Temple (0/1) D:6
   Lair: D:8-11         Orc: D:9-12

Altars:
Dithmenos
Hepliaklqana
Qazlal
Uskayaw

Shops:
D:2 ?   D:7 *

Portals:
Bailey: D:8


Innate Abilities, Weirdness & Mutations

You have sharp claws.
You have razor-sharp teeth.
You have supernaturally acute eyesight. (SInv)
You cover ground quickly. (Speed+)
You are covered in thick fur. (AC +2)
Your paws help you pounce on unaware monsters.
You are incapable of wielding weapons or throwing items.
You cannot wear armour.
You gain extra lives every three experience levels.


Message History

An ice beast comes into view.
An ice beast is nearby!
An ice beast is nearby!
You see here 3 datura-tipped darts.
You closely miss the ice beast. The ice beast misses you.
You barely miss the ice beast.
You bite the ice beast, but do no damage.
You completely miss the ice beast. The ice beast completely misses you.
You claw the ice beast!
The ice beast is moderately wounded.
The ice beast completely misses you.
An orc comes into view. It is wielding a +0 club.
You scratch the ice beast but do no damage.
The ice beast is moderately wounded.
The ice beast hits you but does no damage.
You scratch the ice beast but do no damage.
The ice beast is moderately wounded.
The ice beast hits you. The ice beast freezes you!!
You feel a terrible chill!
You barely miss the ice beast.
The ice beast is moderately wounded.
The ice beast barely misses you.
You are too injured to fight recklessly!
You scratch the ice beast but do no damage.
The ice beast is moderately wounded.
The ice beast completely misses you.
An orc comes into view. It is wielding a +0 mace.
You are too injured to fight recklessly!
You scratch the ice beast but do no damage.
The ice beast is moderately wounded.
You claw the ice beast!
The ice beast is severely wounded.
The ice beast hits you. The ice beast freezes you!
You feel a terrible chill!
* * * LOW HITPOINT WARNING * * *
An orc comes into view. It is wielding a +0 dagger.
You are too injured to fight recklessly!
You scratch the ice beast but do no damage.
The ice beast is severely wounded.
The shadow imp gestures at you. You resist with significant effort.
The ice beast hits you.
You die...

########.# ##..### #
........o# ##...###
........o# #.#....
.......|.# #..###.
.........###########..###
.>.......................
.......o5##.......>......
........(# ##########....
........@# ....
........Y# #..#
########.# .## #.# 5# #.#
#.# #.# #.#


You could see an ice beast, a shadow imp and 3 orcs.

Vanquished Creatures
  Pikel (D:5)
  Grinder (D:5)
  Sigmund (D:3)
  A steam dragon (D:8)
  Edmund (D:4)
  A water moccasin (D:6)
  Duvessa (D:7)
  A black bear (D:7)
  A centaur (D:8)
  A lemure (D:5)
  2 bullfrogs
  2 necrophages (D:4)
  Dowan (D:7)
  4 killer bees (D:7)
  2 hounds
  An orc priest (D:3)
  A gnoll bouda (D:5)
  Terence (D:3)
  An iguana (D:5)
  2 orc wizards (D:7)
  4 gnolls (D:5)
  8 adders
  A shadow imp (D:6)
  A white imp (D:8)
  2 adder zombies
  A worm (D:4)
  4 dart slugs
  18 orcs
  6 endoplasms
  7 hobgoblins
  5 jackals
  A quokka (D:2)
  5 ball pythons
  3 ball python skeletons (D:2)
  A bat (D:3)
  A frilled lizard (D:1)
  7 goblins
  6 kobolds
  6 rats
114 creatures vanquished.

Notes
Turn   | Place    | Note
-------+----------+-------------------------------------------
     0 | D:1      | MisterFreud the Felid Berserker began the quest for the
                  | Orb.
     0 | D:1      | Reached XP level 1. HP: 10/10 MP: 2/2
    75 | D:1      | Reached skill level 1 in Stealth
   193 | D:1      | Reached XP level 2. HP: 14/14 MP: 3/3
   250 | D:1      | Found a faded altar of an unknown god.
  1039 | D:2      | Reached XP level 3. HP: 10/17 MP: 4/4
  1653 | D:2      | Found Dydghias's Magic Scroll Shoppe.
  1658 | D:2      | Bought a scroll of teleportation for 39 gold pieces
  1697 | D:2      | Reached ** piety under Trog
  2215 | D:3      | Noticed Terence
  2236 | D:3      | Killed Terence
  2237 | D:3      | Reached XP level 4. HP: 10/21 MP: 5/5
  2464 | D:3      | Noticed Sigmund
  2476 | D:3      | Killed Sigmund
  2477 | D:3      | Reached skill level 5 in Stealth
  2477 | D:3      | Reached skill level 5 in Unarmed Combat
  2477 | D:3      | Reached XP level 5. HP: 20/24 MP: 6/6
  2504 | D:3      | Succumbed to an orc's poison
  2505 | D:3      | Reached XP level 4. HP: -2/21 MP: 5/5
  2627 | D:3      | Reached XP level 5. HP: 24/24 MP: 6/6
  3362 | D:4      | Gained mutation: You are covered in thick fur. (AC +2)
                  | [Felid growth]
  3362 | D:4      | Reached XP level 6. HP: 28/28 MP: 7/7
  3372 | D:4      | Identified the ring of a Billion Brambles {rC- rN+ Str+6
                  | Dex+6}
  3533 | D:4      | Found a hide-covered altar of Uskayaw.
  3572 | D:4      | Found a hazy altar of Hepliaklqana.
  3651 | D:4      | Noticed Edmund
  3663 | D:4      | Killed Edmund
  3664 | D:4      | Reached skill level 5 in Dodging
  3696 | D:4      | Reached skill level 6 in Dodging
  4278 | D:5      | Entered Level 5 of the Dungeon
  4278 | D:5      | Noticed Grinder
  4280 | D:5      | Killed Grinder
  4281 | D:5      | Reached skill level 7 in Dodging
  4281 | D:5      | Reached XP level 7. HP: 31/31 MP: 8/8
  4414 | D:5      | Found a stormy altar of Qazlal.
  4493 | D:5      | Identified the +7 short sword of the Unstoppable Places
                  | {antimagic, rPois rN+ Str+6}
  4507 | D:5      | Noticed Pikel
  4525 | D:5      | Killed Pikel
  4526 | D:5      | Reached skill level 10 in Dodging
  4526 | D:5      | Reached XP level 8. HP: 29/34 MP: 9/9
  5241 | D:5      | Identified a scroll of acquirement
  5241 | D:5      | Acquired a manual of Fighting
  5354 | D:6      | Found a staircase to the Ecumenical Temple.
  5674 | D:6      | You fall into a shaft and drop 3 floors!
  5715 | D:8      | Found a shadowy altar of Dithmenos.
  5760 | D:8      | Found a flagged portal.
  5780 | D:8      | HP: 2/54 [orc priest/divine providence (14)]
  5780 | D:8      | Slain by an orc priest
  5781 | D:8      | Reached XP level 7. HP: -1/49 MP: 8/8
  5872 | D:8      | Reached skill level 5 in Fighting
  5907 | D:7      | Reached XP level 8. HP: 37/37 MP: 9/9
  6036 | D:7      | Noticed Duvessa
  6037 | D:7      | Noticed Dowan
  6050 | D:7      | Killed Duvessa
  6053 | D:7      | Killed Dowan
  6275 | D:7      | Reached skill level 11 in Dodging
  6620 | D:7      | Found Xyiwkas's Island Escapes.
  6658 | D:7      | Slain by an ice beast

Illustrated notes

Levels and vault maps discovered:
D:1:      ncdulo_smallfort, layout_basic, shapermc_ecumenical_altar_rom_forum,
          hangedman_decor_lopped
D:2:      layout_basic, serial_undead, serial_undead_e, serial_undead_e,
          serial_undead_d, serial_undead_d, serial_shops,
          nicolae_shop_hallway_plus, minmay_tetromino_i4
D:3:      layout_loops_ring, dreamdust_wishing_well, minmay_misc_feat_pillars,
          kennysheep_generic_room_11, uniq_sigmund, uniq_terence
D:4:      layout_basic, mainiacjoe_overflow_catch_the_wave,
          nrook_mini_backslash, kennysheep_generic_room_13, uniq_edmund
D:5:      layout_cave_pods, nicolae_qazlal_general_emergency,
          minmay_misc_feat_more_columns, kennysheep_nondescript, st_stairs_14,
          uniq_grinder, uniq_pikel
D:6:      layout_layer_cave, minmay_temple_entry_arrows
D:7:      layout_rooms, nicolae_island_escapes, uniq_duvessa
D:8:      layout_loops_ring, erik_lair_dragon, enter_bailey_5, serial_shops,
          kennysheep_little_box, hangedman_feature_mirror, uniq_joseph
D:9:      layout_loops_cross, cheibrodos_ashenzari_chains,
          kennysheep_generic_room_8

Skill      XL: |  1  2  3  4  5  6  7  8 |
---------------+-------------------------+-----
Stealth        | 1 2 4 5 6 8 |  8.1
Unarmed Combat | 4 5 6 7 |  7.1
Dodging        | 7 10 11 | 11.1
Fighting       | 5 4 |  5.9

Action                   |  1- 3 |  4- 6 |  7- 9 || total
-------------------------+-------+-------+-------++-------
Melee: Unarmed           |   101 |    86 |   145 ||   332
       Bite              |     8 |     4 |     9 ||    21
       Punch             |     3 |     3 |     5 ||    11
Invok: Berserk           |     2 |     2 |     4 ||     8
       Trog's Hand       |       |     1 |     1 ||     2
  Use: Scroll            |     2 |     7 |     1 ||    10
 Stab: Sleeping          |     4 |    10 |    10 ||    24
       Distracted        |       |     1 |       ||     1
Armor: Skin              |     2 |     3 |     6 ||    11
Dodge: Dodged            |    71 |    51 |   140 ||   262
